Map: Dusk Towers

Players

Seither - Winner!

  • Race: Terran Terran
  • League: Master

PiLiPiLi

  • Race: Protoss Protoss
  • League: Grandmaster

VOD

Have the link to the VOD?

Description

Time

  • Played on: Dec. 13, 2015, 3:42 a.m.
  • Length: 16:05
Show
View Real Time Build Order
Export as new Build Order

Seither Terran - Winner!

Build Orders: 1/1/1, Liberator Opening 

Get SALT Encoding   

  12  0:00  SCV  
  13  0:13  SCV  
  14  0:17  Supply Depot  
  14  0:26  SCV  
  15  0:39  SCV, Barracks  
  16  0:46  Refinery  
  16  0:51  SCV  
  17  0:57  Refinery  
  17  1:06  SCV  
  18  1:18  SCV  
  19  1:27  Marine  
  19  1:28  Supply Depot  
  19  1:31  Orbital Command  
  20  1:41  Factory  
  20  1:47  Marine  
  21  1:57  SCV  
  22  2:06  Barracks Reactor  
  22  2:09  SCV  
  23  2:19  Supply Depot  
  23  2:21  SCV  
  24  2:24  Hellion  
  24  2:25  Starport  
  26  2:33  SCV  
  27  2:41  Supply Depot  
  27  2:42  Marine x2  
  29  2:46  SCV, Hellion  
  32  3:00  Marine x2  
  32  3:02  SCV, Medivac  
  37  3:08  Hellion  
  39  3:13  Supply Depot  
  39  3:14  SCV  
  39  3:18  Liberator, Marine x2  
  42  3:26  SCV  
  42  3:38  Marine x2  
  47  3:45  Factory Tech Lab  
  47  3:48  Widow Mine  
  49  3:53  Command Center  
  49  3:59  SCV  
  49  4:02  Marine x2  
  52  4:06  Supply Depot  
  52  4:12  SCV  
  52  4:13  Liberator  
  53  4:19  Marine  
  53  4:20  Marine  
  51  4:40  SCV  
  51  4:43  Factory Tech Lab  
  52  4:46  Command Center  
  51  4:55  Marine x2  
  51  4:56  SCV  
  53  5:04  Liberator  
  51  5:11  SCV, Orbital Command  
  50  5:21  Siege Tank  
  50  5:22  Marine x2  
  50  5:23  SCV  
  50  5:26  Refinery  
  54  5:40  SCV x2, Bunker  
  54  5:41  Bunker  
  56  5:45  Engineering Bay  
  56  5:51  Marine x2  
  56  5:52  SCV x2  
  56  5:53  Liberator  
  56  5:56  Siege Tank  
  63  6:02  Orbital Command  
  63  6:10  Marine x2  
  68  6:17  SCV x2  
  70  6:21  Missile Turret  
  70  6:29  SCV  
  70  6:32  Barracks  
  71  6:33  Barracks  
  71  6:36  SCV x2  
  71  6:37  Terran Infantry Weapons Level 1  
  71  6:39  Siege Tank  
  76  6:40  Liberator  
  76  6:43  Marine x2  
  78  6:47  SCV  
  78  6:48  SCV  
  78  6:53  Refinery  
  80  6:55  Supply Depot  
  80  6:56  Bunker  
  84  7:01  SCV x3  
  86  7:11  Barracks  
  86  7:13  Barracks  
  83  7:20  Siege Tank  
  83  7:21  Barracks Tech Lab x2  
  86  7:23  Marine x2  
  86  7:24  SCV x3  
  91  7:34  Missile Turret  
  91  7:38  SCV x3  
  91  7:41  Combat Shields, Stimpack  
  91  7:43  Marine x2, Marauder x2  
  100  7:47  Starport Reactor  
  100  7:50  SCV, Supply Depot  
  101  7:56  Missile Turret  
  101  7:59  Supply Depot  
  101  8:00  Barracks Reactor, Barracks Tech Lab  
  101  8:07  SCV  
  101  8:12  SCV, Marauder x2, Marine x2  
  108  8:13  Supply Depot  
  108  8:19  Supply Depot  
  108  8:27  Medivac  
  108  8:28  Medivac  
  108  8:29  Siege Tank, Marauder  
  108  8:32  Marine  
  117  8:35  Marauder  
  119  8:42  Supply Depot x2  
  119  8:47  Marauder, Marine  
  122  8:50  Marauder  
  122  8:52  Marine x2  
  123  8:55  Orbital Command  
  123  8:57  Marauder  
  123  8:59  SCV x2  
  123  9:00  Medivac x2  
  131  9:08  Marauder  
  133  9:10  Refinery, Missile Turret, Marine  
  133  9:13  Refinery, Missile Turret  
  131  9:18  Missile Turret  
  131  9:24  SCV x3  
  134  9:25  Marauder, Marine  
  134  9:27  Concussive Shells  
  137  9:36  SCV x2  
  139  9:39  Armory  
  139  9:41  Engineering Bay  
  139  9:45  Terran Infantry Armor Level 1, Marauder, Marine  
  131  10:01  Marauder, Medivac, Marine  
  131  10:02  Medivac  
  136  10:13  SCV x2  
  138  10:18  Barracks x3  
  138  10:19  Starport  
  138  10:22  Fusion Core  
  133  10:31  Medivac  
  133  10:32  Marine, Medivac  
  133  10:33  Marauder x2  
  138  10:37  Marine x3  
  138  10:47  Marine  
  139  10:50  Marine  
  139  10:52  SCV x3  
  139  10:54  Marauder  
  139  10:55  Supply Depot  
  139  10:56  Liberator x2  
  140  11:02  Command Center  
  131  11:08  Marine x2  
  131  11:09  Liberator, Marauder x2  
  131  11:10  Barracks Reactor, Barracks Tech Lab  
  131  11:11  Barracks Tech Lab  
  136  11:12  Advanced Ballistics  
  142  11:24  Marauder, Marine x2  
  146  11:30  Marauder  
  151  11:37  Marauder x2  
  151  11:38  Marauder  
  157  11:43  Terran Infantry Weapons Level 2  
  157  11:44  Terran Infantry Armor Level 2  
  157  11:46  Supply Depot  
  157  11:48  Supply Depot  
  157  11:52  Marine  
  157  11:53  Marauder  
  160  11:56  Liberator x2  
  160  12:05  Marine  
  160  12:06  Marauder x2, Marine  
  160  12:07  Marine x2  
  160  12:08  Marauder x2  
  152  12:25  Liberator  
  152  12:28  Marine  
  152  12:29  Planetary Fortress, Marauder  
  151  12:38  Marine  
  151  12:39  Marine x3  
  151  12:40  Marauder  
  160  12:44  Refinery  
  160  12:46  Terran Ship Weapons Level 1  
  160  12:48  Refinery  
  160  12:55  Liberator  
  160  12:57  Marine x3  
  160  12:58  Marauder, Marine  
  165  13:06  Sensor Tower, Missile Turret  
  165  13:11  Marine  
  165  13:12  Marauder x2  
  173  13:17  Marauder, Marine x3  
  173  13:18  Marauder  
  180  13:25  Marine x2  
  180  13:26  Marine  
  183  13:32  Liberator  
  183  13:33  Marauder  
  184  13:36  Liberator  
  184  13:48  Marauder, Marine x3  
  187  13:49  Marauder x2  
  187  13:53  Command Center  
  196  13:59  Marine x2  
  196  14:00  Marauder  
  200  14:04  Missile Turret  
  200  14:06  Missile Turret  
  195  14:29  Marine x2  
  195  14:30  Marauder x2, Marine  
  199  14:41  Marine  
  199  14:42  Marine  
  194  14:57  Marine x2  
  194  14:58  Marauder x2  
  194  14:59  Viking, Medivac x2  
  158  15:07  Marine  
  158  15:08  Marauder x3, Marine x2  
  148  15:15  Command Center  
  148  15:19  Command Center  
  145  15:22  Marine  
  145  15:23  Marauder x2, Marine x2  
  145  15:25  Marine  
  149  15:29  Marauder  
  149  15:30  Marauder  
  154  15:39  Missile Turret  
  151  15:43  Marauder, Marine x5  
  151  15:44  Marine  
Show
View Real Time Build Order
Export as new Build Order

PiLiPiLi Protoss 

Build Orders: 1 Gate Expand, Blink Stalkers 

Get SALT Encoding   

  12  0:02  Probe (Chrono Boost)  
  13  0:13  Probe (Chrono Boost)  
  14  0:19  Pylon  
  14  0:23  Probe (Chrono Boost)  
  15  0:37  Probe (Chrono Boost)  
  15  0:39  Gateway  
  16  0:47  Probe (Chrono Boost)  
  17  0:50  Assimilator  
  17  0:58  Probe (Chrono Boost)  
  18  1:08  Probe (Chrono Boost)  
  19  1:19  Nexus  
  19  1:22  Probe (Chrono Boost)  
  20  1:32  Cybernetics Core  
  20  1:34  Probe (Chrono Boost)  
  20  1:39  Assimilator  
  21  1:45  Probe (Chrono Boost)  
  22  1:48  Pylon  
  22  1:55  Probe (Chrono Boost)  
  23  2:06  Probe (Chrono Boost)  
  24  2:09  Adept (Chrono Boost)  
  24  2:10  Warp Gate (Chrono Boost)  
  26  2:18  Mothership Core (Chrono Boost)  
  28  2:31  Probe (Chrono Boost)  
  28  2:34  Stalker (Chrono Boost)  
  31  2:39  Probe (Chrono Boost)  
  31  2:43  Probe (Chrono Boost)  
  33  2:47  Twilight Council  
  33  2:49  Probe (Chrono Boost)  
  34  2:53  Probe (Chrono Boost)  
  34  2:57  Pylon  
  35  3:00  Probe (Chrono Boost)  
  35  3:04  Probe (Chrono Boost)  
  37  3:10  Probe (Chrono Boost)  
  38  3:13  Robotics Facility  
  38  3:14  Probe (Chrono Boost)  
  39  3:21  Probe (Chrono Boost)  
  39  3:22  Blink (Chrono Boost)  
  39  3:25  Probe (Chrono Boost)  
  41  3:27  Gateway  
  41  3:30  Gateway  
  41  3:31  Probe (Chrono Boost)  
  40  3:34  Probe (Chrono Boost)  
  41  3:41  Pylon  
  41  3:43  Probe  
  41  3:48  Probe, Pylon  
  43  3:58  Assimilator  
  43  4:00  Observer (Chrono Boost)  
  43  4:01  Assimilator  
  44  4:03  Probe  
  44  4:04  Probe  
  46  4:15  Probe  
  47  4:21  Stalker  
  47  4:22  Stalker  
  49  4:30  Probe  
  48  4:37  Stalker  
  45  4:42  Warp Prism (Chrono Boost)  
  46  4:46  Pylon  
  46  4:50  Stalker x2  
  49  4:55  Probe  
  46  5:10  Stalker  
  46  5:11  Probe  
  46  5:16  Stalker  
  46  5:17  Stalker  
  46  5:31  Probe x2  
  46  5:38  Pylon  
  46  5:41  Stalker x3  
  52  5:43  Probe  
  52  5:44  Probe  
  54  5:55  Probe  
  54  5:56  Probe  
  56  5:58  Gateway  
  53  6:07  Probe  
  54  6:12  Probe, Pylon  
  54  6:13  Gateway  
  55  6:19  Probe  
  55  6:24  Probe  
  57  6:29  Stalker x2  
  57  6:31  Probe  
  62  6:37  Probe  
  63  6:42  Pylon  
  63  6:44  Stalker  
  65  6:50  Probe x2  
  65  6:53  Dark Shrine  
  65  7:02  Probe x2  
  67  7:16  Probe x2  
  67  7:18  Robotics Bay  
  69  7:26  Observer  
  69  7:27  Nexus  
  69  7:28  Probe  
  71  7:30  Probe  
  71  7:34  Pylon  
  72  7:37  Pylon  
  72  7:40  Probe  
  73  7:44  Probe  
  74  7:52  Probe  
  74  7:53  Stalker x4  
  74  7:58  Probe  
  84  8:04  Probe  
  85  8:10  Probe, Disruptor (Chrono Boost)  
  89  8:13  Dark Templar  
  89  8:16  Probe  
  89  8:19  Forge  
  92  8:22  Probe  
  93  8:28  Probe  
  94  8:35  Probe  
  94  8:39  Disruptor (Chrono Boost)  
  95  8:42  Pylon  
  95  8:47  Probe  
  101  8:56  Protoss Ground Armor Level 1 (Chrono Boost)  
  101  8:59  Charge  
  101  9:02  Stalker x3, Assimilator  
  105  9:06  Assimilator  
  105  9:14  Disruptor  
  102  9:18  Probe x2  
  107  9:26  Photon Cannon  
  107  9:33  Gateway  
  107  9:35  Gateway  
  107  9:36  Gateway  
  107  9:38  Gateway  
  107  9:39  Photon Cannon  
  107  9:42  Gateway  
  92  10:00  Disruptor  
  92  10:05  Stalker x4  
  92  10:06  Stalker  
  101  10:28  Gateway  
  101  10:30  Gateway  
  101  10:34  Disruptor  
  95  10:37  Stalker x5  
  95  10:38  Stalker  
  110  10:45  Protoss Ground Weapons Level 1 (Chrono Boost)  
  110  10:47  Forge  
  101  11:05  Disruptor  
  101  11:07  Zealot x3  
  101  11:08  Zealot x6  
  122  11:24  Nexus  
  122  11:26  Pylon  
  122  11:31  Protoss Ground Armor Level 2 (Chrono Boost)  
  122  11:33  Templar Archives  
  122  11:41  Observer  
  122  11:47  Zealot x5  
  122  11:48  Pylon, Zealot x2  
  136  11:58  Pylon x2  
  136  12:00  Pylon  
  136  12:04  Zealot x3  
  137  12:11  Dark Templar  
  137  12:12  Dark Templar  
  137  12:13  Dark Templar  
  137  12:16  Zealot x3  
  141  12:26  Pylon  
  141  12:29  Pylon  
  132  12:31  Pylon  
  132  12:34  Pylon, Archon  
  132  12:35  Pylon  
  132  12:36  Disruptor  
  132  12:39  Probe  
  132  12:40  Photon Cannon  
  136  12:46  Probe x2  
  138  12:54  High Templar x4  
  138  12:55  High Templar  
  138  12:56  High Templar  
  150  13:02  Archon x2  
  150  13:03  Archon  
  149  13:09  Protoss Ground Weapons Level 2 (Chrono Boost)  
  149  13:10  Observer  
  149  13:12  High Templar x4  
  156  13:17  Archon x2  
  158  13:21  Assimilator  
  158  13:24  Probe  
  158  13:25  Pylon  
  158  13:26  Assimilator  
  159  13:35  Zealot x5  
  169  13:47  Stalker x2  
  173  13:53  Immortal  
  173  13:56  Stargate  
  177  14:17  Probe  
  177  14:18  Probe x3  
  177  14:28  Nexus  
  177  14:30  Zealot x5  
  177  14:31  Zealot  
  165  14:42  Probe x2  
  156  14:53  Zealot x5  
  88  15:09  Zealot x6  
  88  15:10  Zealot  
  77  15:19  Stalker x4  
  77  15:20  Stalker  
  73  15:35  Dark Templar  
  68  15:49  High Templar x2  
  59  15:50  High Templar x3  
  59  15:53  Archon  
  59  15:54  High Templar, Archon  
  59  15:55  Zealot x4, Archon  
Tags
 
Add a new tag
Caveats
  • Supply blocks, unpowered buildings, or Contaminate may cause inaccurate times.
  • Supply counts are checked every 10 seconds.